 BcadrenCrawl: Boulder Brew version 0.06-1-g1ca0b04cec (webtiles) character file.

Game seed: 16432716002668828167, levelgen mode: deterministic

1214 petercordia the Grappler (level 8, -16/67 HPs) Scintillating Draconian Priest. Began on June 16, 2022. Was an Elder of Bahamut & Tiamat. Demolished by a crocodile (21 damage) ... on level 2 of the Dungeon. The game lasted 00:26:10 (3362 turns).

petercordia the Grappler (DrPr)                     Turns: 3362, Time: 00:26:10

Health: -16/67     AC: 11    Str: 13    XL:     8 ^: 1063
Magic:  11/11      EV: 12    Int: 24    God:    Bahamut & Tiamat [4* [107]]
Gold:   111        SH:  0    Dex:  8    Spells: 7/7 levels left

rFire    . . .     Slash    +     - Unarmed
rCold    . . .     Pierce   x     - Unarmed
rNeg     . . .     Bludgeon .   (armour unavailable)
rCorr    . . .     Vision   .   (helmet restricted)
rPois    .         Gourm    .   (no cloak)
rElec    .         Faith    .   (no gloves)
MR       .....     Spirit   .   r - +0 pair of boots
HPRegen  0.32/turn Reflect  .   (no amulet)
MPRegen  0.21/turn Harm     .   g - ring of intelligence
Stlth    +.........             l - ring of wizardry

@: hasted, very quick
A: deformed body 2, cold-blooded, chaos magic, random archmage 1, AC+, Chaos+,
draconic flesh, AC +10
a: Breathe Seething Chaos, Enhanced Breath, Drake Mount, Renounce Religion


You were on level 2 of the Dungeon.
You worshipped Bahamut & Tiamat.
Bahamut & Tiamat was greatly pleased with you.
You were not hungry.

You visited 1 branch of the dungeon, and saw 2 of its levels.
You also visited: Temple.

You collected 111 gold pieces.

Inventory:

Weapons
 o - a cursed +2 whip of caustic ooze {(Curse: *Corrode)}
 s - the +2 war axe of Scorn {molten, Dex+3 +Vis}
   (You took it off a big kobold on level 2 of the Dungeon)

   Its malleable surface is completely molten, allowing it to meld around and
   partially ignore armour.
   Causes less base damage than a standard weapon; but partially ignores enemy's
   defense and burns causing additional damage to those that don't resist heat.
   Big, molten blades are also staple armaments of hydra-hunters.
   It affects your dexterity (+3).
   It improves your vision.
Armour
 r - a +0 pair of boots (worn)
Jewellery
 g - a ring of intelligence (left hand)
 k - an uncursed ring of fire
 l - a ring of wizardry (right hand)
 n - an uncursed ring of resist corrosion
Scrolls
 c - a scroll of magic mapping
 e - a scroll of bless item
 h - 2 scrolls of enchantment
 j - a scroll of vulnerability
 p - a scroll of teleportation
Potions
 d - a potion of magic
 i - 2 potions of might
 m - 2 potions of curing
 q - 2 potions of cure mutation
Miscellaneous
 b - a fan of gales (inert)
Comestibles
 a - 3 rations
 t - 8 chunks of flesh


   Skills:
 * Level 4.6 Fighting
 + Level 2.3 Dodging
 - Level 1.4 Stealth
 + Level 8.2 Unarmed Combat
 * Level 4.5 Invocations


You had 7 spell levels left.
You didn't know any spells.
Your spell library was empty.

Dungeon Overview and Level Annotations

Branches:
Dungeon (2/8)

Altars:
Nemelex Xobeh

Shops:
D:2 ?

Annotations:
D:2 Prince Ribbit


Innate Abilities, Weirdness & Mutations

Your scintillating rainbow scales are resilient. (AC +10)
You can breathe bolts of chaotic energy.
You cannot wear any armour on your peculiar form.
You are cold-blooded and are slowed more easily by cold attacks.
Your magic is chaotic and you often have boosted spellpower when casting.
Your scintillating rainbow scales chaotically grant elemental resistances and boost your physical defenses a bit. (AC+, Chaos+)
Your scales resist being cut, but it�s oddly easy to stick a small blade between them. (rSlashing+, rPiercing-)


Message History

Welcome back, petercordia the Scintillating Draconian Priest.
Press ? for a list of commands and other information.
Unknown command.
Unknown command.
Press: ? - help, v - describe, . - travel
Here: a crocodile (94%, 94% to-hit, lightly wounded (23/27), 78% (Melee))
Press: ? - help, v - describe, . - travel
Here: the submerged Prince Ribbit (water, 79%, 79% to-hit, healthy (42/42), 75% (All))
You feel yourself speed up.
You drop the empty bottle.
You hear a splash.
The crocodile bites you (7)!
You are is perforated ruthlessly!
* * * LOW HITPOINT WARNING * * *
The crocodile bites you (14)!
You are is perforated ruthlessly!
* * * LOW HITPOINT WARNING * * *
Unknown command.
Unknown command.
Unknown command.
Unknown command.
The crocodile bites you (21)!!
You are is perforated ruthlessly!
You die...

.≈≈≈
≈≈....≈≈≈≈#≈≈≈≈≈≈≈≈≈≈≈≈..
.≈≈≈
#≈≈≈....≈≈≈≈≈#≈≈≈≈≈≈≈≈≈≈≈≈.≈
≈≈≈≈
#≈≈<..≈≈≈≈≈≈≈#≈≈≈≈≈≈≈≈≈≈≈≈.≈
≈≈≈≈
#≈≈≈.≈≈≈≈≈≈≈≈#≈≈≈≈≈≈≈≈≈≈≈≈≈≈
≈≈≈≈
#≈≈≈≈≈≈b≈≈≈≈#≈≈≈≈≈###≈####≈
≈≈≈≈ #≈≈≈≈≈≈≈≈≈≈≈#≈.≈≈≈#####
##. ≈≈≈≈
#≈≈≈≈≈≈≈≈≈.#≈..≈.≈..# ##..
≈≈≈≈
####≈≈≈≈§≈tF..≈≈..≈..≈###≈..
≈≈≈≈
≈≈≈J≈≈≈§≈lt@≈)≈≈≈≈≈#≈###≈##≈
≈≈≈.
≈≈≈≈≈≈≈≈≈§≈≈..≈≈≈≈≈##≈#≈####
P≈≈.
≈≈≈≈≈≈≈≈≈≈≈≈..≈≈≈≈≈###≈###≈#
≈PP. ≈≈≈≈≈≈≈≈≈≈≈≈..≈≈≈≈≈#
####.#. PP
..≈≈≈≈≈b.≈≈...≈≈≈≈≈# #..##≈
#############≈≈≈≈≈≈####.≈.##
#≈.≈.###≈...≈≈≈≈≈#..##.≈≈#
##.....≈#≈≈.≈≈≈≈≈#≈..##†##
#....≈####≈≈≈≈≈....##†##.


You could see Prince Ribbit, 2 crocodiles and a submerged cinder newt.

Vanquished Creatures
  A crocodile (D:2)
  6 big kobolds
  5 jellies (D:2)
  7 giant cockroaches
  6 adders
  28 sewer rats
  2 worms (D:2)
  10 cinder newts
  2 dart slugs (D:1)
  2 leopard geckos (D:2)
  An adder skeleton (D:2)
  2 ball pythons
  7 bats
  5 goblins (D:1)
  2 hobgoblins (D:1)
  A bat skeleton (D:2)
  A goblin skeleton (D:2)
  17 kobolds
  5 rats
  A rat skeleton (D:2)
  2 giant blowflies (D:2)
  5 withered plants (D:2)
118 creatures vanquished.

Vanquished Creatures (others)
  A jelly (D:2)
  A sewer rat (D:2)
  A leopard gecko (D:2)
  A bat (D:2)
  17 kobolds (D:2)
  A bat skeleton (D:2)
  A goblin skeleton (D:2)
  A kobold skeleton (D:2)
  A rat (D:2)
  A rat skeleton (D:2)
  4 giant blowflies (D:2)
  3 slimeheads (D:2)
  202 withered plants (D:2)
235 creatures vanquished.

Grand Total: 353 creatures vanquished

Notes
Turn   | Place    | Note
-------+----------+-------------------------------------------
     0 | Start Te | petercordia the Immature Draconian Priest began the quest
                  | for the Orb.
     0 | Start Te | Reached XP level 1. HP: 14/14 MP: 3/3
     0 | Start Te | Found a sparkling altar of Nemelex Xobeh.
     1 | Start Te | Found a basalt altar of Yredelemnul.
     1 | Start Te | Found a white marble altar of Elyvilon.
     2 | Start Te | Found an iron altar of Okawaru.
     3 | Start Te | Found a glowing silver altar of Zin.
     3 | Start Te | Found a blossoming altar of Fedhas.
     4 | Start Te | Found a stormy altar of Qazlal.
     5 | Start Te | Found a glowing golden altar of the Shining One.
     5 | Start Te | Found an opulent altar of Gozag.
     6 | Start Te | Found a sacrificial altar of Ru.
     7 | Start Te | Found an ornate altar of Bahamut and Tiamat.
     7 | Start Te | Found a hazy altar of Hepliaklqana.
    16 | Start Te | Became a worshipper of Bahamut & Tiamat
    16 | Start Te | Reached * piety under Bahamut & Tiamat
    16 | Start Te | Reached ** piety under Bahamut & Tiamat
   105 | D:1      | Reached skill level 3 in Unarmed Combat
   153 | D:1      | Found a sparkling altar of Nemelex Xobeh.
   160 | D:1      | Reached XP level 2. HP: 20/20 MP: 5/5
   232 | D:1      | Reached XP level 3. HP: 21/26 MP: 6/6
   445 | D:1      | Reached skill level 4 in Unarmed Combat
   449 | D:1      | Reached XP level 4. HP: 23/33 MP: 7/7
   918 | D:2      | Reached *** piety under Bahamut & Tiamat
   918 | D:2      | Reached skill level 5 in Unarmed Combat
   918 | D:2      | Reached XP level 5. HP: 35/39 MP: 8/8
  1335 | D:2      | Reached skill level 1 in Fighting
  1430 | D:1      | Reached XP level 6. HP: 4/49 MP: 4/9
  1674 | D:2      | Reached skill level 6 in Unarmed Combat
  2035 | D:2      | Identified the +2 war axe of Scorn {molten, Dex+3 +Vis}
  2102 | D:2      | Your scales start taking on a scintillating rainbow colour.
  2102 | D:2      | Reached XP level 7. HP: 32/56 MP: 10/10
  2102 | D:2      | Gained mutation: Your scintillating rainbow scales
                  | chaotically grant elemental resistances and boost your
                  | physical defenses a bit. (AC+, Chaos+) [Scintillating
                  | Draconian growth]
  2102 | D:2      | Gained mutation: Your magic is chaotic and you often have
                  | boosted spellpower when casting. [Scintillating Draconian
                  | growth]
  2196 | D:2      | Reached skill level 7 in Unarmed Combat
  2770 | D:2      | Reached XP level 8. HP: 61/66 MP: 11/11
  3007 | D:2      | Reached **** piety under Bahamut & Tiamat
  3007 | D:2      | Reached skill level 8 in Unarmed Combat
  3259 | D:2      | Found Liose's Magic Scroll Shop.
  3356 | D:2      | Noticed Prince Ribbit
  3362 | D:2      | Demolished by a crocodile

Levels and vault maps discovered:
D:1:      dpeg_arrival_orchard, layout_basic, nemelex_xobeh_ov_fountains_minmay,
          gup_sewer_entry_glass
D:2:      layout_sewer, sewer_frog_pond, serial_shops, shop

Skill      XL: |  1  2  3  4  5  6  7  8 |
---------------+-------------------------+-----
Unarmed Combat | 3 4 5 6 7 8 |  8.2
Dodging        | 2 |  2.3
Fighting       | 2 4 |  4.6
Stealth        | |  1.4
Invocations    | |  4.5

Action                   |  1- 3 |  4- 6 |  7- 9 || total
-------------------------+-------+-------+-------++-------
Melee: Unarmed           |    71 |   236 |   302 ||   609
       Peck              |       |    17 |    12 ||    29
Invok: Choose Bahamut's  |     1 |       |       ||     1
       Choose Bahamut's  |     1 |       |       ||     1
       Enhanced Breath   |       |     2 |     2 ||     4
       Choose Bahamut's  |       |       |     1 ||     1
 Abil: Breathe Dart      |       |    11 |       ||    11
       Breathe Seething  |       |       |     2 ||     2
Evoke: Fan of gales      |       |       |     1 ||     1
  Use: Potion            |       |       |     1 ||     1
 Stab: Sleeping          |     1 |     2 |       ||     3
       Petrified         |       |       |     2 ||     2
  Eat: Chunk             |       |     6 |     6 ||    12
Armor: Skin              |    10 |    23 |    31 ||    64
Dodge: Dodged            |     8 |    15 |    20 ||    43
